 Dungeon Crawl Stone Soup version 0.15-a0-271-g6095dc6 (webtiles) character file.

100586 PolkaDot the Thaumaturge (level 15, -6/106 HPs)
             Began as a Vampire Conjurer on Apr 27, 2014.
             Was the Champion of Vehumet.
             Mangled by a sea snake (14 damage)
             ... on Level 2 of the Shoals on Apr 28, 2014.
             The game lasted 03:56:26 (35570 turns).

PolkaDot the Thaumaturge (Vampire Conjurer)        Turns: 35570, Time: 03:56:28

HP  -6/106       AC 19     Str  7      XL: 15   Next: 79%
MP   7/36        EV 10     Int 21      God: Vehumet [******]
Gold 566         SH 12     Dex 15      Spells: 12 memorised,  4 levels left

rFire  + . .     SeeInvis +     b - +4,+5 cutlass (speed)
rCold  + . .     Clarity  .     I - +2 leather armour "Skebun" {rC+}
rNeg   + . .     Conserve .     O - +1 buckler {AC+3}
rPois  +         rCorr    .     p - +2 hat
rElec  +         rRot     .     e - +2 cloak {rPois}
SustAb . .       Spirit   .     g - +2 pair of gloves
rMut   .         Warding  +     G - +2 pair of boots {run}
Saprov . . .     Stasis   .     j - amulet of warding
MR     +....                    P - ring "Ruxt" {Wiz +Inv rElec Dam-4}
                                a - ring of protection from fire

@: regenerating quickly, flying, lethally poisoned, quick, somewhat resistant to
hostile enchantments, stealthy
A: bottle blood, fangs 3, see invisible, unbreathing
a: Bottle Blood, Renounce Religion, Evoke Invisibility


You were on level 2 of the Shoals.
You worshipped Vehumet.
Vehumet was exalted by your worship.
You were full.

You visited 4 branches of the dungeon, and saw 26 of its levels.
You also visited: Labyrinth and Ossuary.

You collected 1721 gold pieces.
You spent 1155 gold pieces at shops.

Inventory:

Hand weapons
 b - a +4,+5 cutlass of speed (weapon)
 E - a +4,+1 cutlass of electrocution
Armour
 e - a +2 cloak of poison resistance (worn)
 g - a +2 pair of gloves (worn)
 p - a +2 hat (worn)
 s - a troll hide
 G - a +2 pair of boots of running (worn)
 I - the +2 leather armour "Skebun" (worn) {rC+}
   (You found it on level 10 of the Dungeon)

   It protects you from cold.
 O - a +1 buckler of protection (worn)
Magical devices
 l - a wand of disintegration (15)
 o - a wand of lightning (8)
 x - a wand of paralysis (10)
 C - a wand of paralysis (8)
 D - a wand of flame (16)
 H - a wand of teleportation (3)
 Q - a wand of heal wounds (4)
Scrolls
 h - 2 scrolls of recharging
 i - 4 scrolls of magic mapping
 n - 4 scrolls of fear
 q - 7 scrolls of remove curse
 r - a scroll of immolation
 t - 3 scrolls of fog
 N - 2 scrolls of teleportation
Jewellery
 a - a ring of protection from fire (left hand)
 d - an uncursed ring of wizardry
 f - an uncursed ring of protection from magic
 j - an amulet of warding (around neck)
 z - an uncursed amulet of stasis
 P - the ring "Ruxt" (right hand) {Wiz +Inv rElec Dam-4}
   (You found it on level 8 of the Lair of Beasts)

   [ring of wizardry]

   It improves your spell success rate.
   It affects your damage with ranged weapons and melee attacks (-4).
   It insulates you from electricity.
   It lets you turn invisible.
Potions
 m - 5 potions of restore abilities
 u - 4 potions of curing
 w - a potion of haste
 B - a potion of resistance
 F - a potion of flight
 J - 2 potions of degeneration {!q}
 M - 3 potions of lignification
Books
 c - a book of Conjurations

   Spells                             Type                      Level
   Magic Dart                         Conjuration                  1
   *Searing Ray                       Conjuration                  2
   Dazzling Spray                     Conjuration/Hexes            3
   *Fulminant Prism                   Conjuration/Hexes            4
   *Iskenderun's Mystic Blast         Conjuration                  4
   Iskenderun's Battlesphere          Conjuration/Charms           5
 k - a book of Clouds

   Spells                             Type                      Level
   *Mephitic Cloud                    Conjuration/Poison/Air       3
   Conjure Flame                      Conjuration/Fire             3
   *Poisonous Cloud                   Conjuration/Poison/Air       6
   Freezing Cloud                     Conjuration/Ice/Air          6
   Ring of Flames                     Charms/Fire                  7
 v - a book of Dreams

   Spells                             Type                      Level
   Ensorcelled Hibernation            Hexes/Ice                    2
   *Flight                            Charms/Air                   3
   Phase Shift                        Translocation                5
   Shadow Creatures                   Summoning                    5
   Mass Confusion                     Hexes                        6
   Darkness                           Hexes                        7
 y - a book of Wizardry

   Spells                             Type                      Level
   Summon Elemental                   Summoning                    4
   Agony                              Necromancy                   5
   Force Lance                        Conjuration                  5
   Haste                              Charms                       6
   Invisibility                       Hexes                        6
   Spellforged Servitor               Conjuration/Summoning        7
 L - a book of Burglary

   Spells                             Type                      Level
   Swiftness                          Charms/Air                   2
   Passwall                           Transmutation/Earth          3
   Passage of Golubria                Translocation                4
   Lee's Rapid Deconstruction         Earth                        5
   Invisibility                       Hexes                        6
   Darkness                           Hexes                        7


   Skills:
 - Level 6.5 Fighting
 - Level 2.1 Dodging
 - Level 3.0 Stealth
 - Level 5.7 Shields
 * Level 14.2 Spellcasting
 + Level 13.4 Conjurations
 - Level 6.5 Hexes
 + Level 12.0 Air Magic
 - Level 4.0 Poison Magic


You had 4 spell levels left.
You knew the following spells:

 Your Spells              Type           Power        Failure   Level  Hunger
a - Delayed Fireball      Conj/Fire      N/A          47%         7    ######.
d - Iskenderun's Mystic   Conj           ######..     1%          4    None
f - Fulminant Prism       Conj/Hex       ######....   1%          4    None
o - Shock                 Conj/Air       ####         1%          1    None
q - Blink                 Tloc           N/A          3%          2    None
s - Searing Ray           Conj           ######       1%          2    None
x - Poisonous Cloud       Conj/Pois/Air  ######....   1%          6    #####..
z - Mephitic Cloud        Conj/Pois/Air  ######..     1%          3    None
A - Apportation           Tloc           ##........   1%          1    None
F - Flight                Chrm/Air       #####.....   1%          3    None
X - Fireball              Conj/Fire      #####.....   1%          5    ##.....
Z - Lightning Bolt        Conj/Air       ######....   1%          5    ##.....


Dungeon Overview and Level Annotations

Branches:
Dungeon (15/15)            Temple (1/1) D:6             Orc (0/4) D:9
   Lair (8/8) D:8          Shoals (2/5) Lair:6        Snake (0/5) Lair:5
  Slime (0/6) Lair:7       Vaults (0/5) D:13         Depths (0/5) D:15

Altars:
Ashenzari
Cheibriados
Dithmenos
Elyvilon
Fedhas
Kikubaaqudgha
Makhleb
Nemelex Xobeh
Okawaru
Sif Muna
Trog
Vehumet
Xom
Yredelemnul
Zin
The Shining One

Shops:
D:9 :

Portals:
Trove: D:12 (give +2 gold dragon armour)
Ice
Cave: Shoals:2


Innate Abilities, Weirdness & Mutations

Your natural rate of healing is unusually fast.
You can bottle blood from corpses.
You have razor-sharp teeth.*
You have supernaturally acute eyesight.
You can survive without breathing.*


Message History

Confirm with . or Enter, or press ? or * to list all spells.
Aiming: Searing Ray
Press: ? - help, Shift-Dir - straight line, f/p - sea snake
Aim: a sea snake (severely wounded)
The searing ray hits the sea snake.
The sea snake is severely wounded.
* * * LOW MAGIC WARNING * * *;
* * * LOW HITPOINT WARNING * * *
You feel very sick. The sea snake barely misses you.
The searing ray misses the sea snake.
* * * LOW MAGIC WARNING * * *;
* * * LOW HITPOINT WARNING * * *
You feel very sick. The sea snake bites you!
* * * LOW HITPOINT WARNING * * *
The searing ray hits the sea snake.
The sea snake is almost dead.
* * * LOW MAGIC WARNING * * *;
* * * LOW HITPOINT WARNING * * *
You feel very sick. The sea snake bites you!
You die...

≈≈≈≈≈≈≈≈≈≈≈≈≈≈≈≈≈≈≈≈≈≈≈≈≈≈≈≈≈≈≈≈≈
≈≈≈≈≈≈≈≈≈≈≈≈≈≈≈≈≈≈≈≈≈≈≈≈≈≈≈≈≈≈≈≈
≈≈≈≈≈≈≈≈≈≈≈≈≈≈≈≈≈≈≈≈≈≈≈≈≈≈≈≈≈≈≈≈≈
≈≈≈≈≈≈≈≈≈≈≈≈≈≈≈≈≈≈≈≈≈≈≈≈≈≈,≈≈≈≈≈≈
≈≈≈≈≈≈≈≈≈≈≈≈≈≈≈≈≈P≈≈≈≈PP≈≈≈,≈≈≈≈≈
≈≈≈≈≈≈≈≈≈≈≈≈≈≈≈≈PPPPPP≈P≈≈≈≈,,≈≈≈
≈≈≈*≈≈≈≈≈≈≈≈≈≈≈≈≈≈PP≈≈≈≈≈≈≈≈≈≈≈ ≈
≈≈≈*≈≈≈≈≈≈≈≈≈≈≈≈≈≈≈≈≈≈≈≈≈≈≈≈≈≈≈≈≈
≈≈,*,,,,≈≈≈≈≈≈≈≈≈≈≈≈≈≈_≈≈,≈≈≈≈≈≈≈
≈,**,,,,≈≈≈..≈≈≈@≈≈≈≈≈≈≈≈,,,,≈≈≈≈
,**,,,,,..!...≈≈S≈≈≈≈≈≈≈≈,,*,,≈≈≈
**,,,,,,,......≈≈≈≈≈≈≈≈≈,,,, ,≈≈≈
,,,,,,,,,......≈≈≈≈≈≈≈≈≈≈,,,,≈≈≈≈
,,,,,,,,,......≈≈≈≈≈≈≈≈≈≈≈≈,≈ ≈≈≈
,,,,,,,,,,.....≈≈...≈≈≈≈≈ ≈≈≈≈≈≈≈
,,,,,,,,,,,....≈≈...≈≈≈≈≈≈≈≈≈,≈≈≈
,,,,,,,,,,,,...≈...≈≈≈≈≈≈≈≈≈≈≈≈≈≈
,,,,>,,,,,,,,,,.$≈,≈≈≈≈≈≈≈≈≈≈≈≈≈≈
,,,,,,,,,,,,,,,,,,,,≈≈≈≈≈≈≈≈≈≈≈≈≈


You could see a sea snake.

Vanquished Creatures
  A frost giant (D:15)
  2 dire elephants (Lair:8)
  A siren (Shoals:1)
  A minotaur (Lab)
  Nessos (D:15)
  7 hydras
  2 dancing weapons (D:13)
  Erica (D:12)
  A tengu warrior (D:12)
  3 centaur warriors
  An alligator (Shoals:1)
  4 death yaks
  A deep elf knight (D:9)
  An unseen horror (D:14)
  2 wizards
  3 sea snakes (Shoals:1)
  7 hill giants
  8 harpies
  Joseph (D:7)
  An orc knight (D:15)
  3 oklob plants (Lair:7)
  8 griffons
  4 elephants (Lair:2)
  2 manticores
  A sixfirhy (D:15)
  4 cyclopes
  4 black mambas
  2 mermaids (Shoals:1)
  3 gargoyles
  An item mimic (D:9)
  12 spiny frogs
  A centaur zombie (D:11)
  An efreet (D:14)
  2 kobold demonologists (D:15)
  A feature mimic (D:15)
  8 komodo dragons
  A deep elf priest (D:14)
  A yaktaur (D:15)
  3 merfolk (Shoals:1)
  Grinder (D:5)
  6 fire drakes
  2 tengu conjurers
  5 polar bears
  A hydra zombie (D:15)
  Sonja (D:15)
  2 centaur skeletons (D:15)
  8 trolls
  3 snapping turtles (Shoals:1)
  A slime creature (D:13)
  A hydra skeleton (D:13)
  12 blink frogs
  7 ravens
  A boulder beetle (Lair:8)
  4 basilisks
  3 shadows
  4 wyverns
  3 hogs (D:7)
  2 trapdoor spiders
  2 deep elf magi
  38 yaks
  A human (D:7)
  3 sharks
  2 elephant slugs
  3 grizzly bears (D:7)
  2 water elementals
  A wraith (D:12)
  A hill giant zombie (D:13)
  7 ugly things
  23 hippogriffs
  7 vampire mosquitoes
  A hungry ghost (D:9)
  2 deep elf fighters (D:14)
  5 swamp worms (Lair:1)
  A soldier ant (D:12)
  Menkaure (D:4)
  20 wolves
  7 orc warriors
  3 nagas (Lair:5)
  7 porcupines
  13 water moccasins
  A mottled dragon (D:15)
  A human skeleton (D:15)
  7 sky beasts
  5 ice beasts
  4 black bears
  22 centaurs
  3 phantoms
  4 ogres
  13 crocodiles
  Sigmund (D:6)
  2 big kobolds (D:15)
  Duvessa (D:4)
  15 giant slugs
  The ghost of 4tharraofdagon the Firebug, an average DEFE (D:3)
  19 giant frogs
  A gnoll sergeant (D:9)
  Blork the orc (D:6)
  2 cyclops zombies (D:9)
  2 cyclops skeletons
  A fulminant prism (Lair:6)
  5 killer bees
  7 scorpions
  A troll zombie (D:9)
  A troll skeleton (D:14)
  An elf skeleton (D:15)
  4 electric eels
  A hippogriff skeleton (D:5)
  Dowan (D:4)
  4 crimson imps
  4 goliath beetles
  9 wights
  2 quasits
  A big fish (Shoals:1)
  12 hounds
  7 orc priests
  2 giant frog skeletons (D:7)
  5 jellies
  Crazy Yiuf (D:4)
  13 orc wizards
  7 iguanas
  Natasha (twice) (D:5)
  12 worker ants
  33 sheep
  Ijyb (D:6)
  6 big kobold zombies (Ossuary)
  7 ogre zombies (D:9)
  A sky beast zombie (D:5)
  A big kobold skeleton (D:10)
  A hound zombie (D:5)
  The ghost of 4tharraofdagon the Firebug, a weakling DEFE (D:5)
  A mummy (Ossuary)
  4 gnolls (D:2)
  26 adders
  A steam dragon zombie (D:12)
  A brain worm simulacrum (D:14)
  An inept feature mimic (D:6)
  4 giant mites
  59 green rats
  10 worms
  A goliath beetle zombie (D:5)
  5 shadow imps
  A white imp (D:15)
  2 adder zombies
  5 orc skeletons (D:9)
  2 giant eyeballs
  11 giant geckos
  48 orcs
  2 spectral bats (Ossuary)
  A bat skeleton (D:4)
  6 giant cockroaches
  12 goblins
  18 hobgoblins
  35 jackals
  12 kobolds
  15 quokkas
  A ball python (D:6)
  A ball python skeleton (D:5)
  26 bats
  4 bat simulacra (Ossuary)
  5 giant newts
  6 gnoll zombies (Ossuary)
  2 goblin simulacra (Ossuary)
  2 goblin skeletons (D:9)
  8 goblin zombies
  2 hobgoblin skeletons (D:9)
  5 hobgoblin zombies
  2 kobold simulacra (Ossuary)
  6 kobold zombies
  20 orc zombies
  A quokka skeleton (D:4)
  18 rats
  2 rat simulacra (Ossuary)
  A rat zombie (D:6)
  6 spectral goblins (Ossuary)
  4 spectral kobolds (Ossuary)
  A spectral rat (Ossuary)
  3 fungi
  3 plants
999 creatures vanquished.

Vanquished Creatures (others)
  67 fulminant prisms
  22 fungi
  6 plants
95 creatures vanquished.

Grand Total: 1094 creatures vanquished

Notes
Turn   | Place    | Note
--------------------------------------------------------------
     0 | D:1      | PolkaDot, the Vampire Conjurer, began the quest for the Orb.
     0 | D:1      | Reached XP level 1. HP: 13/13 MP: 3/3
   532 | D:1      | Reached XP level 2. HP: 11/19 MP: 3/5
   569 | D:1      | Learned a level 2 spell: Searing Ray
  1256 | D:2      | Reached XP level 3. HP: 24/24 MP: 1/6
  1289 | D:2      | Reached skill level 1 in Shields
  1297 | D:2      | Reached XP level 4. HP: 20/30 MP: 1/8
  1429 | D:2      | Reached skill level 4 in Conjurations
  1458 | D:2      | Found a snail-covered altar of Cheibriados.
  1636 | D:2      | Learned a level 4 spell: Fulminant Prism
  2177 | D:3      | Noticed 4tharraofdagon's ghost (average DEFE)
  2286 | D:3      | Reached XP level 5. HP: 31/35 MP: 4/9
  2663 | D:3      | Killed 4tharraofdagon's ghost
  2663 | D:3      | Reached XP level 6. HP: 41/41 MP: 1/11
  2769 | D:3      | Reached skill level 5 in Conjurations
  3385 | D:4      | Noticed Crazy Yiuf
  3394 | D:4      | Killed Crazy Yiuf
  3497 | D:4      | Reached XP level 7. HP: 39/46 MP: 8/12
  3959 | D:4      | Noticed Menkaure
  3963 | D:4      | Killed Menkaure
  3963 | D:4      | Reached skill level 6 in Conjurations
  4014 | D:4      | Got a jewelled spear
  4195 | D:5      | Entered Level 5 of the Dungeon
  4195 | D:5      | Noticed Duvessa
  4195 | D:5      | Noticed Dowan
  4212 | D:4      | Killed Duvessa
  4216 | D:4      | Killed Dowan
  4347 | D:5      | Reached XP level 8. HP: 52/52 MP: 11/14
  4528 | D:5      | Noticed Grinder
  4563 | D:5      | Killed Grinder
  4563 | D:5      | Reached skill level 7 in Conjurations
  4679 | D:5      | Noticed 4tharraofdagon's ghost (weakling DEFE)
  4693 | D:5      | Killed 4tharraofdagon's ghost
  4693 | D:5      | Reached skill level 5 in Shields
  4902 | D:5      | Found a glowing golden altar of the Shining One.
  4997 | D:5      | Noticed Natasha
  5006 | D:5      | Killed Natasha
  5199 | D:5      | Noticed Natasha
  5202 | D:5      | Killed Natasha
  5515 | D:6      | Noticed Sigmund
  5524 | D:6      | Killed Sigmund
  5888 | D:6      | Reached skill level 8 in Conjurations
  6082 | D:6      | Noticed Ijyb
  6091 | D:6      | Killed Ijyb
  6154 | D:6      | Reached XP level 9. HP: 28/57 MP: 3/15
  6367 | D:6      | Found a staircase to the Ecumenical Temple.
  6376 | Temple   | Entered the Ecumenical Temple
  6649 | Temple   | Learned a level 4 spell: Iskenderun's Mystic Blast
  6652 | Temple   | Became a worshipper of Vehumet
  6771 | D:6      | Reached skill level 1 in Hexes
  6806 | D:6      | Noticed Blork the orc
  6819 | D:6      | Killed Blork the orc
  6833 | D:6      | Identified the -1,+2 spear of Fudeofi {pierce, MR++ Int+2} (You took it off an orc priest on level 4 of the Dungeon)
  6834 | D:6      | Upgraded the game from 0.15-a0-258-g027b8cd to 0.15-a0-271-g6095dc6
  7337 | D:7      | Found a shimmering altar of Xom.
  7383 | D:7      | Noticed Joseph
  7422 | D:7      | Found a sand-covered staircase.
  7443 | D:7      | Killed Joseph
  7443 | D:7      | Reached skill level 9 in Conjurations
  7673 | Ossuary  | Entered an ossuary
  7804 | Ossuary  | Acquired Vehumet's first power
  7804 | Ossuary  | Offered knowledge of Flame Tongue by Vehumet.
  7866 | Ossuary  | Reached skill level 5 in Hexes
  8128 | Ossuary  | Offered knowledge of Shock by Vehumet.
  8133 | Ossuary  | Learned a level 1 spell: Shock
  8508 | D:7      | Found a shimmering altar of Xom.
  8508 | D:7      | Found a shimmering altar of Xom.
  8553 | D:7      | Reached XP level 10. HP: 45/63 MP: 6/17
  8767 | D:7      | Offered knowledge of Mephitic Cloud by Vehumet.
  8910 | D:7      | Noticed a griffon
  9009 | D:7      | Noticed a death yak
  9088 | D:7      | Killed a griffon
  9088 | D:7      | Reached skill level 10 in Conjurations
  9103 | D:7      | Learned a level 3 spell: Mephitic Cloud
  9124 | D:7      | Acquired Vehumet's second power
  9124 | D:7      | Reached skill level 1 in Air Magic
  9365 | D:7      | Reached skill level 1 in Poison Magic
  9699 | D:8      | Found a staircase to the Lair.
  9877 | D:8      | Found a basalt altar of Yredelemnul.
 10290 | Lair:1   | Entered Level 1 of the Lair of Beasts
 10306 | Lair:1   | Offered knowledge of Inner Flame by Vehumet.
 10377 | Lair:1   | Reached XP level 11. HP: 38/68 MP: 14/21
 10432 | Lair:1   | Found an ancient bone altar of Kikubaaqudgha.
 10709 | Lair:1   | Reached XP level 12. HP: 72/89 MP: 21/26
 10713 | Lair:1   | Learned a level 1 spell: Apportation
 10716 | Lair:1   | Learned a level 2 spell: Blink
 10722 | Lair:1   | You fall through a shaft!
 10748 | Lair:2   | Reached skill level 11 in Conjurations
 10928 | Lair:2   | Acquired Vehumet's third power
 10981 | Lair:1   | Offered knowledge of Lightning Bolt by Vehumet.
 10988 | Lair:1   | Learned a level 5 spell: Lightning Bolt
 11281 | Lair:1   | Reached skill level 5 in Air Magic
 12419 | Lair:2   | Offered knowledge of Spellforged Servitor by Vehumet.
 13255 | Lair:3   | Noticed a seven-headed hydra
 13263 | Lair:3   | Killed a seven-headed hydra
 15093 | Lair:4   | Reached XP level 13. HP: 54/94 MP: 9/29
 15977 | Lair:4   | Got an ancient copper ring
 15979 | Lair:4   | Identified the ring of Treysser {rPois Stlth++} (You found it on level 4 of the Lair of Beasts)
 16040 | Lair:4   | Identified a scroll of acquirement
 16044 | Lair:4   | Identified a +2 pair of boots of running (You acquired it on level 4 of the Lair of Beasts)
 16454 | Lair:5   | Found a staircase to the Snake Pit.
 16460 | Lair:5   | Offered knowledge of Bolt of Draining by Vehumet.
 17729 | Lair:6   | Found a staircase to the Shoals.
 17742 | Lair:6   | Reached skill level 12 in Conjurations
 18090 | Lair:6   | Learned a level 6 spell: Poisonous Cloud
 18297 | Lair:6   | Reached skill level 10 in Spellcasting
 19545 | Lair:6   | Offered knowledge of Fireball by Vehumet.
 19724 | Lair:7   | Learned a level 5 spell: Fireball
 19956 | Lair:7   | Found a staircase to the Slime Pits.
 20023 | Lair:7   | Reached XP level 14. HP: 70/101 MP: 28/32
 20569 | Lair:8   | Entered Level 8 of the Lair of Beasts
 21029 | Lair:8   | HP: 3/101 [black mamba (7)]
 21369 | Lair:8   | Got a fine granite ring
 21371 | Lair:8   | Identified the ring "Ruxt" {Wiz +Inv rElec Dam-4} (You found it on level 8 of the Lair of Beasts)
 22270 | Lair:8   | Reached skill level 10 in Air Magic
 22481 | Lair:8   | Found a burning altar of Makhleb.
 23155 | D:9      | Found a staircase to the Orcish Mines.
 23412 | D:9      | Offered knowledge of Orb of Destruction by Vehumet.
 23962 | D:9      | Found Cyggayps' Book Emporium.
 23966 | D:9      | Bought a book of Dreams for 825 gold pieces
 23966 | D:9      | Bought a book of Wizardry for 330 gold pieces
 24628 | D:10     | Entered Level 10 of the Dungeon
 24791 | D:10     | Got a transparent leather armour
 25066 | D:10     | Identified the cursed +2 leather armour "Skebun" {rC+} (You found it on level 10 of the Dungeon)
 26408 | D:12     | Offered knowledge of Poison Arrow by Vehumet.
 26671 | D:12     | Found a portal to a secret trove of treasure.
 26716 | D:12     | Noticed Erica
 26732 | D:12     | Killed Erica
 27673 | D:13     | Found a gate to the Vaults.
 29279 | D:14     | Found a white marble altar of Elyvilon.
 29306 | D:14     | Reached XP level 15. HP: 103/106 MP: 29/35
 29398 | D:14     | Reached skill level 13 in Conjurations
 29654 | D:14     | Offered knowledge of Ozocubu's Refrigeration by Vehumet.
 30443 | D:15     | Entered Level 15 of the Dungeon
 30456 | D:15     | Noticed Sonja
 30467 | D:15     | Killed Sonja
 30562 | D:15     | Found a labyrinth entrance.
 30573 | Lab      | Entered a labyrinth
 30786 | Lab      | Found an exit through the horrors of the Abyss.
 31514 | Lab      | Got a scintillating bronze ring
 31980 | D:15     | Identified the ring of Interdependent Arising {rC+ SInv} (You found it in a labyrinth)
 32770 | D:15     | Noticed Nessos
 32778 | D:15     | Killed Nessos
 33083 | D:15     | Found a staircase to the Depths.
 33479 | D:15     | Learned a level 3 spell: Flight
 33883 | Shoals:1 | Entered Level 1 of the Shoals
 34021 | Shoals:1 | Reached skill level 14 in Spellcasting
 34978 | Shoals:1 | Got a crude lajatang
 34979 | Shoals:1 | Identified the +6,+7 lajatang of Quick Death {antimagic, rF+} (You found it on level 1 of the Shoals)
 35408 | Shoals:2 | Offered knowledge of Delayed Fireball by Vehumet.
 35436 | Shoals:2 | Learned a level 7 spell: Delayed Fireball
 35475 | Shoals:2 | Found a glowing silver altar of Zin.
 35480 | Shoals:2 | Found a frozen archway.
 35485 | Shoals:2 | Found a blossoming altar of Fedhas.
 35570 | Shoals:2 | Mangled by a sea snake

Action                   |  1- 3 |  4- 6 |  7- 9 | 10-12 | 13-15 || total
-------------------------+-------+-------+-------+-------+-------++-------
Melee: Unarmed           |    20 |       |       |       |       ||    20
       Short sword       |    42 |     6 |       |       |       ||    48
       Cutlass           |       |    90 |   376 |   527 |  1124 ||  2117
 Cast: Magic Dart        |    26 |     1 |    15 |    14 |     6 ||    62
       Searing Ray       |     5 |    29 |    57 |    57 |   141 ||   289
       Iskenderun's Myst |       |       |     3 |    69 |   232 ||   304
       Fulminant Prism   |       |       |     2 |    37 |    29 ||    68
       Mephitic Cloud    |       |       |       |     9 |     2 ||    11
       Lightning Bolt    |       |       |       |     1 |    19 ||    20
       Poisonous Cloud   |       |       |       |       |   152 ||   152
       Fireball          |       |       |       |       |     7 ||     7
       Blink             |       |       |       |       |     5 ||     5
       Flight            |       |       |       |       |    13 ||    13
 Abil: End Transformatio |       |       |       |       |     1 ||     1
       Bat Form          |       |       |       |       |     1 ||     1
Evoke: Wand              |       |       |       |     5 |    14 ||    19
  Use: Potion            |     6 |       |     4 |    11 |    17 ||    38
       Scroll            |       |     7 |    15 |    13 |    34 ||    69
 Stab: Sleeping          |       |     6 |    15 |     6 |    19 ||    46
       Distracted        |       |       |     2 |     1 |     2 ||     5
       Confused          |       |       |       |     8 |       ||     8
       Fleeing           |       |       |       |     1 |       ||     1
